3A
ATHLETIC CLUB KC U-24 @ COLUMBIA RIVER RATS
08/03/2038
 
TOP OF THE 1ST
Athletic Club KC U-24 batting - Pitching for Columbia River Rats : LHP David Fuentes
Pitching: LHP David Fuentes
Batting: RHB Luis Santana 0-0: Ground out 6-3 (Groundball, 6, EV 87.5 MPH)
Batting: RHB Marcos Quintana 0-0: Foul Ball, location: 2F
0-1: Ball
1-1: Ground out 4-3 (Groundball, 34, EV 90.6 MPH)
Batting: RHB Jorgen Jorgenson 0-0: Foul Ball, location: 2F
0-1: Ball
1-1: Called Strike
1-2: Ball
2-2: Fly out, F7 (Flyball, 7LD, EV 74.4 MPH)
Top of the 1st over - 0 runs, 0 hits, 0 errors, 0 left on base; Athletic Club KC 0 - Columbia 0
BOTTOM OF THE 1ST
Columbia River Rats batting - Pitching for Athletic Club KC U-24 : RHP Steven Crockett
Pitching: RHP Steven Crockett
Batting: LHB Ji-e Loh 0-0: Swinging Strike
0-1: Foul Ball, location: 2F
0-2: SINGLE (Groundball, 34D, EV 105.6 MPH)
Batting: RHB Lane Ruffin 0-0: Ball
Wild Pitch!
Ji-e Loh to second
1-0: 2-RUN HOME RUN (Flyball, 78XD, EV 91.9 MPH), Distance : 413 ft
Batting: SHB Dean Barthorpe 0-0: Called Strike
0-1: Swinging Strike
0-2: Foul Ball, location: 2F
0-2: Ball
1-2: Ball
2-2: Foul Ball, location: 2F
2-2: Strikes out looking
Batting: RHB Tony Castellanos 0-0: Ball
1-0: Called Strike
1-1: Ball
2-1: Foul Ball, location: 2F
2-2: Foul Ball, location: 2F
2-2: Strikes out swinging
Batting: RHB John Alexander 0-0: Swinging Strike
0-1: Swinging Strike
0-2: Strikes out swinging
Bottom of the 1st over - 2 runs, 2 hits, 0 errors, 0 left on base; Athletic Club KC 0 - Columbia 2
TOP OF THE 2ND
Athletic Club KC U-24 batting - Pitching for Columbia River Rats : LHP David Fuentes
Batting: RHB Guillermo Alessandrini 0-0: Fly out, F8 (Line Drive, 8RM, EV 97.5 MPH)
Batting: RHB Shou-xin Quian 0-0: Ground out 6-3 (Groundball, 6, EV 84.4 MPH)
Batting: LHB César Valtez 0-0: Called Strike
0-1: Ball
1-1: Ball
2-1: Called Strike
2-2: Ball
3-2: Strikes out swinging
Top of the 2nd over - 0 runs, 0 hits, 0 errors, 0 left on base; Athletic Club KC 0 - Columbia 2
BOTTOM OF THE 2ND
Columbia River Rats batting - Pitching for Athletic Club KC U-24 : RHP Steven Crockett
Batting: RHB Pu-feng Zhou 0-0: Called Strike
0-1: Foul Ball, location: 2F
0-2: Ball
1-2: Ball
2-2: Fly out, F9 (Flyball, 9LS, EV 80.6 MPH)
Batting: LHB Frank Morris 0-0: Ball
1-0: Ball
2-0: Swinging Strike
2-1: Called Strike
2-2: Fly out, F8 (Line Drive, 8LD, EV 83.8 MPH)
Batting: RHB Cédric Causse 0-0: Called Strike
0-1: Fly out, F2 (Popup, 2LF, EV 86.2 MPH)
Bottom of the 2nd over - 0 runs, 0 hits, 0 errors, 0 left on base; Athletic Club KC 0 - Columbia 2
TOP OF THE 3RD
Athletic Club KC U-24 batting - Pitching for Columbia River Rats : LHP David Fuentes
Batting: SHB Howard Carpentier 0-0: Ball
1-0: Ball
2-0: Ball
3-0: Called Strike
3-1: Base on Balls
Batting: RHB Makalani Kaiya 0-0: Ball
1-0: Ball
2-0: Ball
Passed Ball!
Howard Carpentier to second
3-0: Called Strike
3-1: Foul Ball, location: 2F
3-2: Strikes out swinging
Batting: RHB Kane Calvert 0-0: Fly out, F8 (Flyball, 8RXD, EV 93.8 MPH)
Runner from 2nd tags up, SAFE at 3rd, no throw by CF
Batting: RHB Luis Santana 0-0: Foul Ball, location: 2F
0-1: Foul Ball, location: 2F
0-2: Foul Ball, location: 2F
0-2: Ball
1-2: Fly out, F8 (Line Drive, 8RD, EV 88.1 MPH)
Top of the 3rd over - 0 runs, 0 hits, 0 errors, 1 left on base; Athletic Club KC 0 - Columbia 2
BOTTOM OF THE 3RD
Columbia River Rats batting - Pitching for Athletic Club KC U-24 : RHP Steven Crockett
Batting: LHB Seb Considine 0-0: Ball
1-0: Called Strike
1-1: Foul Ball, location: 2F
1-2: Fly out, F6 (Line Drive, 6, EV 61.9 MPH)
Batting: LHB Ji-e Loh 0-0: Foul Ball, location: 2F
0-1: Fly out, F9 (Flyball, 9S, EV 88.1 MPH)
Batting: RHB Lane Ruffin 0-0: Ball
1-0: Foul Ball, location: 2F
1-1: Ball
2-1: Foul Ball, location: 2F
2-2: Strikes out swinging
Bottom of the 3rd over - 0 runs, 0 hits, 0 errors, 0 left on base; Athletic Club KC 0 - Columbia 2
TOP OF THE 4TH
Athletic Club KC U-24 batting - Pitching for Columbia River Rats : LHP David Fuentes
Batting: RHB Marcos Quintana 0-0: Called Strike
0-1: Ball
1-1: Called Strike
1-2: Ball
2-2: Strikes out looking
Batting: RHB Jorgen Jorgenson 0-0: DOUBLE (Line Drive, 89M, EV 101.2 MPH)
Batting: RHB Guillermo Alessandrini 0-0: Ball
1-0: Swinging Strike
1-1: Ball
2-1: Called Strike
2-2: Ground out 4-3 (Groundball, 4M, EV 89.4 MPH)
Jorgen Jorgenson to third
Batting: RHB Shou-xin Quian 0-0: Ball
1-0: Called Strike
1-1: Swinging Strike
1-2: Strikes out swinging wild pitch, reaches first!
Jorgen Jorgenson scores
Batting: LHB César Valtez 0-0: Ball
1-0: SINGLE (Groundball, 4, EV 84.4 MPH) (infield hit)
Shou-xin Quian to second
Batting: SHB Howard Carpentier 0-0: Fly out, F9 (Flyball, 9, EV 88.1 MPH)
Top of the 4th over - 1 run, 2 hits, 0 errors, 2 left on base; Athletic Club KC 1 - Columbia 2
BOTTOM OF THE 4TH
Columbia River Rats batting - Pitching for Athletic Club KC U-24 : RHP Steven Crockett
Batting: SHB Dean Barthorpe 0-0: Called Strike
0-1: Ball
1-1: Ball
2-1: Ball
3-1: Foul Ball, location: 2F
3-2: Foul Ball, location: 2F
3-2: Foul Ball, location: 2F
3-2: Base on Balls
Batting: RHB Tony Castellanos 0-0: Foul Ball, location: 2F
0-1: Foul Ball, location: 2F
0-2: Foul Ball, location: 2F
0-2: Strikes out looking
Batting: RHB John Alexander 0-0: Fly out, F8 (Flyball, 8RS, EV 88.1 MPH)
Batting: RHB Pu-feng Zhou 0-0: Ground out 2-3 (Groundball, 2L, EV 62.5 MPH)
Bottom of the 4th over - 0 runs, 0 hits, 0 errors, 1 left on base; Athletic Club KC 1 - Columbia 2
TOP OF THE 5TH
Athletic Club KC U-24 batting - Pitching for Columbia River Rats : LHP David Fuentes
Batting: RHB Makalani Kaiya 0-0: Fly out, F8 (Flyball, 8RXD, EV 100.6 MPH)
Batting: RHB Kane Calvert 0-0: Ball
1-0: Called Strike
1-1: Ball
2-1: Swinging Strike
2-2: Hit by Pitch
Batting: RHB Luis Santana 0-0: Swinging Strike
0-1: Ball
1-1: Called Strike
1-2: Strikes out swinging
Kane Calvert is caught stealing 2nd base 2-4
Batter strikes out.
Top of the 5th over - 0 runs, 0 hits, 0 errors, 0 left on base; Athletic Club KC 1 - Columbia 2
BOTTOM OF THE 5TH
Columbia River Rats batting - Pitching for Athletic Club KC U-24 : RHP Steven Crockett
Batting: LHB Frank Morris 0-0: Fly out, F9 (Flyball, 8RM, EV 92.5 MPH)
Batting: RHB Cédric Causse 0-0: Called Strike
0-1: Ball
1-1: Ball
2-1: Foul Ball, location: 2F
2-2: Fly out, F7 (Flyball, 78S, EV 91.2 MPH)
Batting: LHB Seb Considine 0-0: SINGLE (Popup, 6MS, EV 61.2 MPH)
Batting: LHB Ji-e Loh 0-0: Called Strike
0-1: Ball
1-1: Ball
2-1: DOUBLE (Flyball, 8RXD, EV 89.4 MPH)
Seb Considine to third
Runner from 3rd tries for Home, SAFE, throw by CF to trailing runner, OUT at third! 8-4-5
Bottom of the 5th over - 1 run, 2 hits, 0 errors, 0 left on base; Athletic Club KC 1 - Columbia 3
TOP OF THE 6TH
Athletic Club KC U-24 batting - Pitching for Columbia River Rats : LHP David Fuentes
Batting: RHB Marcos Quintana 0-0: DOUBLE (Groundball, 5L, EV 98.1 MPH)
Batting: RHB Jorgen Jorgenson 0-0: Called Strike
0-1: 2-RUN HOME RUN (Line Drive, 78XD, EV 103.8 MPH), Distance : 406 ft
Batting: RHB Guillermo Alessandrini 0-0: Called Strike
0-1: Swinging Strike
0-2: Fly out, F7 (Flyball, 7S, EV 85.6 MPH)
Batting: RHB Shou-xin Quian 0-0: Ball
1-0: Swinging Strike
1-1: Called Strike
1-2: Fly out, F9 (Flyball, 9D, EV 100.0 MPH)
Batting: LHB César Valtez 0-0: Ball
1-0: Fly out, F7 (Flyball, 7, EV 75.0 MPH)
Top of the 6th over - 2 runs, 2 hits, 0 errors, 0 left on base; Athletic Club KC 3 - Columbia 3
BOTTOM OF THE 6TH
Columbia River Rats batting - Pitching for Athletic Club KC U-24 : RHP Steven Crockett
Batting: RHB Lane Ruffin 0-0: Ball
1-0: Swinging Strike
1-1: Foul Ball, location: 2F
1-2: Foul Ball, location: 2F
1-2: Ball
2-2: Foul Ball, location: 2F
2-2: Ball
3-2: Ground out 6-3 (Groundball, 6, EV 75.6 MPH)
Batting: SHB Dean Barthorpe 0-0: Called Strike
0-1: Called Strike
0-2: Foul Ball, location: 2F
0-2: Ball
1-2: Foul Ball, location: 2F
1-2: Ball
2-2: Ball
3-2: Base on Balls
Batting: RHB Tony Castellanos 0-0: Swinging Strike
0-1: Called Strike
0-2: Ball
1-2: Strikes out looking
Batting: RHB John Alexander 0-0: Ball
1-0: Ground out 4-3 (Groundball, 4, EV 86.2 MPH)
Bottom of the 6th over - 0 runs, 0 hits, 0 errors, 1 left on base; Athletic Club KC 3 - Columbia 3
TOP OF THE 7TH
Athletic Club KC U-24 batting - Pitching for Columbia River Rats : LHP David Fuentes
Batting: SHB Howard Carpentier 0-0: Swinging Strike
0-1: Ball
1-1: Called Strike
1-2: Ball
2-2: Foul Ball, location: 2F
2-2: Strikes out looking
Batting: RHB Makalani Kaiya 0-0: Called Strike
0-1: Swinging Strike
0-2: Strikes out looking and he ARGUES THE CALL AND IS TOSSED!
Batting: RHB Kane Calvert 0-0: Called Strike
0-1: Ground out 5-3 (Groundball, 5L, EV 108.8 MPH)
Top of the 7th over - 0 runs, 0 hits, 0 errors, 0 left on base; Athletic Club KC 3 - Columbia 3
BOTTOM OF THE 7TH
Columbia River Rats batting - Pitching for Athletic Club KC U-24 : RHP Steven Crockett
Now at C: Vicente Botín
Batting: RHB Pu-feng Zhou 0-0: Called Strike
0-1: Ground out 6-3 (Groundball, 6, EV 99.4 MPH)
Batting: LHB Frank Morris 0-0: Ball
1-0: Foul Ball, location: 2F
1-1: Ball
2-1: Called Strike
2-2: Strikes out looking
Batting: RHB Cédric Causse 0-0: SINGLE (Line Drive, 4M, EV 111.2 MPH)
Batting: LHB Seb Considine 0-0: Fly out, F8 (Flyball, 8RM, EV 90.0 MPH)
Bottom of the 7th over - 0 runs, 1 hit, 0 errors, 1 left on base; Athletic Club KC 3 - Columbia 3
TOP OF THE 8TH
Athletic Club KC U-24 batting - Pitching for Columbia River Rats : LHP David Fuentes
Batting: RHB Luis Santana 0-0: Reached on error, E5 (Groundball, 56S, EV 73.1 MPH)
Batting: RHB Marcos Quintana 0-0: Called Strike
0-1: Ball
1-1: Bunted foul
1-2: Foul Ball, location: 2F
1-2: Ball
2-2: Foul Ball, location: 2F
2-2: Ball
3-2: Fly out, F8 (Flyball, 78D, EV 101.2 MPH)
Batting: RHB Jorgen Jorgenson 0-0: Called Strike
0-1: Ball
1-1: Ball
2-1: Ball
3-1: Foul Ball, location: 2F
3-2: Strikes out swinging
Pitching: RHP António Morales
Batting: RHB Guillermo Alessandrini 0-0: Called Strike
0-1: Ball
1-1: SINGLE (Flyball, 78S, EV 90.6 MPH)
Luis Santana to second
Batting: RHB Shou-xin Quian 0-0: Ball
1-0: Ball
2-0: Called Strike
2-1: Fielders Choice at 2nd, 5-4 (Groundball, 56, EV 100.6 MPH)
Top of the 8th over - 0 runs, 1 hit, 1 error, 2 left on base; Athletic Club KC 3 - Columbia 3
BOTTOM OF THE 8TH
Columbia River Rats batting - Pitching for Athletic Club KC U-24 : RHP Steven Crockett
Batting: LHB Ji-e Loh 0-0: Called Strike
0-1: Ball
1-1: Called Strike
1-2: Ball
2-2: Strikes out swinging
Pitching: RHP Darko Trstenjak
Batting: RHB Lane Ruffin 0-0: Ball
1-0: Ball
2-0: Ball
3-0: Base on Balls
Batting: SHB Dean Barthorpe 0-0: Ball
1-0: Ball
2-0: Called Strike
2-1: Foul Ball, location: 2F
2-2: Ball
3-2: Foul Ball, location: 2F
3-2: Ground out 3-1 (Groundball, 3S, EV 87.5 MPH)
Lane Ruffin to second
Batting: RHB Tony Castellanos 0-0: Swinging Strike
0-1: Ball
1-1: Swinging Strike
1-2: Strikes out looking
Bottom of the 8th over - 0 runs, 0 hits, 0 errors, 1 left on base; Athletic Club KC 3 - Columbia 3
TOP OF THE 9TH
Athletic Club KC U-24 batting - Pitching for Columbia River Rats : RHP António Morales
Batting: LHB César Valtez 0-0: Called Strike
0-1: Ball
1-1: Ball
2-1: Foul Ball, location: 2F
2-2: SINGLE (Groundball, 34D, EV 109.4 MPH)
Batting: SHB Howard Carpentier 0-0: Foul Ball, location: 2F
0-1: Swinging Strike
0-2: Foul Ball, location: 2F
0-2: Foul Ball, location: 2F
0-2: Ball
1-2: Fly out, F7 (Flyball, 78S, EV 88.8 MPH)
Batting: LHB Vicente Botín 0-0: Called Strike
0-1: Swinging Strike
0-2: Strikes out swinging
Pinch Hitting: RHB Kokaji Mugo 0-0: Called Strike
0-1: Ground out 1-3 (Groundball, 15S, EV 65.0 MPH)
Top of the 9th over - 0 runs, 1 hit, 0 errors, 1 left on base; Athletic Club KC 3 - Columbia 3
BOTTOM OF THE 9TH
Columbia River Rats batting - Pitching for Athletic Club KC U-24 : RHP Darko Trstenjak
Pitching: RHP Ray McKendrick
Now at SS: Kokaji Mugo
Pinch Hitting: LHB Phillam Torralba 0-0: Foul Ball, location: 2F
0-1: DOUBLE (Line Drive, 7LS, EV 106.9 MPH)
Pinch Hitting: SHB Christian Payne 0-0: Ball
1-0: Called Strike
Phillam Torralba steals 3rd base
1-1: Fly out, F9 (Flyball, 9, EV 93.8 MPH)
Runner from 3rd tags up, SCORES, throw by RF
Friday, April 17th, 2020 - OOTP Baseball 20.8 Build 74